 Dungeon Crawl Stone Soup version 0.26.1-11-gd32895ea62 (webtiles) character file.

Game seed: 5594733501192023888

33 Descartes the Scratcher (level 3, -3/16 HPs)
             Began as a Felid Wanderer on May 2, 2021.
             Slain by a gnoll
             ... wielding a +0 flail
              (14 damage)
             ... on level 1 of the Dungeon.
             The game lasted 00:03:02 (2156 turns).

Descartes the Scratcher (Felid Wanderer)            Turns: 2156, Time: 00:03:02

Health: -3/16      AC:  1    Str: 10    XL:     3   Next: 12%
Magic:  4/4        EV: 17    Int: 12    God:
Gold:   67         SH:  0    Dex: 15    Spells: 2/2 levels left
                                        Lives:  0   Deaths: 0

rFire    . . .     SeeInvis +     - Unarmed
rCold    . . .     Faith    .   (shield unavailable)
rNeg     . . .     Spirit   .   (armour unavailable)
rPois    .         Reflect  .   (helmet unavailable)
rElec    .         Harm     .   (cloak unavailable)
rCorr    .         Rampage  .   (gloves unavailable)
Will     +....                  (boots unavailable)
Stlth    +++.......             (no amulet)
HPRegen  0.05/turn              g - ring of wizardry
MPRegen  0.09/turn              h - ring of willpower

@: quick
A: very small, no armour, no weapons or thrown items, stealth, claws 1, fangs 3,
see invisible, speed 1, shaggy fur 1, sharp paws
a: no special abilities


You were on level 1 of the Dungeon.
You visited 1 branch of the dungeon, and saw 1 of its levels.

You collected 67 gold pieces.

Inventory:

Jewellery
 g - a ring of wizardry (left paw)
 h - a ring of willpower (right paw)
Scrolls
 b - 2 scrolls of teleportation
 d - a scroll of remove curse {unknown}
Potions
 a - 2 potions of berserk rage
 c - a potion of lignification
 e - a potion of curing {unknown}
 f - 3 potions of magic {unknown}
 i - a potion of flight {unknown}


   Skills:
 + Level 2.4 Fighting
 + Level 2.2 Dodging
 * Level 3.8 Stealth
 + Level 4.2 Unarmed Combat
 - Level 1.1 Evocations


You had 2 spell levels left.
You didn't know any spells.
Your spell library was empty.

Dungeon Overview and Level Annotations

Branches:
Dungeon (1/15)

Altars:


Innate Abilities, Weirdness & Mutations

You cannot wear armour.
You are incapable of wielding weapons or throwing items.
Your paws allow you to move quietly. (Stealth)
You have sharp claws.
You have razor-sharp teeth.
You have supernaturally acute eyesight. (SInv)
You cover ground quickly.
You are covered in fur. (AC +1)
Your sharp claws are effective at attacking unaware monsters.


Message History

The gnoll is severely wounded.
The gnoll completely misses you.
You barely miss the gnoll.
The gnoll is severely wounded.
You scratch the gnoll but do no damage. You bite the gnoll.
The gnoll is severely wounded.
The gnoll closely misses you.
You closely miss the gnoll.
The gnoll is severely wounded.
The gnoll completely misses you.
You scratch the gnoll but do no damage.
The gnoll is severely wounded.
The gnoll hits you with a +0 flail.
You scratch the gnoll.
The gnoll is almost dead.
You scratch the gnoll but do no damage.
The gnoll is almost dead.
The gnoll hits you with a +0 flail!
Ouch! That really hurt!
You die...

#.###############........#.#.#
#...............(.#.######.#.###
##########........#. #.#....
#.####### #.##### #.# #.# #>#
#.# #.# #.##### #.########.#
#...... #.....@g...# #######
#.########.# #.# ###


You could see a gnoll.

Vanquished Creatures
  2 dart slugs (D:1)
  A ball python (D:1)
  A bat (D:1)
  2 giant cockroaches (D:1)
  6 goblins (D:1)
  3 hobgoblins (D:1)
  A jackal (D:1)
  2 frilled lizards (D:1)
  3 kobolds (D:1)
  7 rats (D:1)
28 creatures vanquished.

Notes
Turn   | Place    | Note
-------+----------+-------------------------------------------
     0 | D:1      | Descartes the Felid Wanderer began the quest for the Orb.
     0 | D:1      | Descartes set off with the following items: 2 potions of
                  | berserk rage, a scroll of teleportation, a potion of
                  | lignification
     0 | D:1      | Reached XP level 1. HP: 9/9 MP: 2/2
   625 | D:1      | Reached XP level 2. HP: 13/13 MP: 3/3
  1671 | D:1      | Reached XP level 3. HP: 10/16 MP: 4/4
  2156 | D:1      | Slain by a gnoll

Illustrated notes

Levels and vault maps discovered:
D:1:      dpeg_arrival_pits, layout_basic, minmay_misc_feat_rugged, st_stairs_11

Skill      XL: |  1  2 |
---------------+-------+-----
Stealth        | 3 |  3.8
Dodging        | 2 |  2.2
Fighting       | |  2.4
Unarmed Combat | |  4.2
Evocations     | |  1.1

Action                   || total
-------------------------++-------
Melee: Unarmed           ||    77
       Bite              ||    10
 Stab: Sleeping          ||     1
Armor: Skin              ||     2
Dodge: Dodged            ||    49
